 Dungeon Crawl Stone Soup version 0.29-a0-234-g0dae59b3db (webtiles) character file.

Game seed: 5369461121183645036

22 spaghetti the Ducker (level 2, 21/21 HPs)
             Began as an Octopode Fighter on Mar 3, 2022.
             Was a Follower of Elyvilon.
             Quit the game on level 1 of the Dungeon.
             The game lasted 00:00:44 (757 turns).

spaghetti the Ducker (Octopode Fighter)              Turns: 757, Time: 00:00:45

Health: 21/21      AC:  1    Str: 15    XL:     2   Next: 91%
Magic:  2/2        EV: 13    Int: 10    God:    Elyvilon [*.....]
Gold:   15         SH:  4    Dex: 11    Spells: 1/1 levels left

rFire   . . .      SeeInvis .   a - +2 dagger (drain) {short}
rCold   . . .      Faith    .   b - +0 buckler
rNeg    . . .      Spirit   .   (helmet restricted)
rPois   .          Reflect  .   (no amulet)
rElec   .          Harm     .   (no ring)
rCorr   .          Rampage  .   (no ring)
Will    .....                   (no ring)
Stlth   ++........              (no ring)
HPRegen 0.07/turn               (no ring)
MPRegen 0.08/turn               (no ring)
                                (no ring)
                                (no ring)

@: no status effects
A: almost no armour, amphibious, 8 rings, camouflage 1, gelatinous body 1,
(nimble swimmer 1), tentacles
a: Renounce Religion, Purification


You were on level 1 of the Dungeon.
You worshipped Elyvilon.
Elyvilon was aware of your devotion.
You visited 1 branch of the dungeon, and saw 1 of its levels.

You collected 15 gold pieces.


Innate Abilities, Weirdness & Mutations

You cannot wear most types of armour.
You are amphibious.
You can wear up to eight rings at the same time.
Your skin changes colour to match your surroundings (Stealth+).
Your rubbery body absorbs attacks. (AC +1, EV +1)
((You are camouflaged when in or above water. (Stealth+)))
You have tentacles for arms and can constrict up to eight enemies at once.


   Skills:
 - Level 3.0 Fighting
 - Level 2.0 Long Blades
 + Level 4.0 Dodging
 - Level 3.0 Shields


You had one spell level left.
You didn't know any spells.
Your spell library contained the following spells:

 Spells                   Type           Power      Damage    Failure   Level
 Shock                    Conj/Air       0%         1d3       45%         1
 Swiftness                Air            0%         N/A       83%         3
 Airstrike                Air            0%         N/A       99%         4

Inventory:

Hand Weapons
 a - a +2 dagger of draining (weapon) {short}
   (You took it off a kobold on level 1 of the Dungeon)
 e - a +0 long sword {long}
Missiles
 f - 20 stones (quivered) {throwing}
Armour
 b - a +0 buckler (worn)
Scrolls
 i - 2 scrolls of teleportation {unknown}
Potions
 c - a potion of might
 d - a potion of magic {unknown}
 g - 2 potions of curing {unknown}
 h - a potion of brilliance {unknown}

Dungeon Overview and Level Annotations

Branches:
Dungeon (1/15)

Altars:
Elyvilon

.# ####.# #....#
#....#.# # #....#.#
.. #######.... .#.#
..........###....
..# ####.#...## #.#
#...#.@8.⌠# #.#
#.###.8b.## ##.#
#.#.#...#∩# #..#
#.#..#⌠#_#..
#..###.#.#####..8.#
#......#....# .8..#
#.###########
...#..# #.# ###...#
#.# ###


You could see a bat.


Message History

You hit the jackal.
You kill the jackal!
You hit the jackal. Your grab misses the jackal. The jackal barely misses you.
The jackal completely misses you.
You barely miss the jackal. Your grab misses the jackal.
Your squeeze misses the jackal. The jackal closely misses you.
You hit the jackal. You drain the jackal.
You kill the jackal!
You now have 20 max hp (+1).
You barely miss the endoplasm. The endoplasm barely misses you.
You hit the endoplasm but do no damage. The endoplasm freezes you.
You are frozen. 😮 HP[-4]
You take 4 damage, and now have 12/20 hp.
You are too injured to fight recklessly!
You are too injured to fight recklessly!
You are too injured to fight recklessly!
You are too injured to fight recklessly!
You are too injured to fight recklessly!
You are too injured to fight recklessly!
You are too injured to fight recklessly!
You are too injured to fight recklessly!
You are too injured to fight recklessly!
You are too injured to fight recklessly!
You are too injured to fight recklessly!
You are too injured to fight recklessly!
You are too injured to fight recklessly!
You are too injured to fight recklessly!
Unknown command.
You are too injured to fight recklessly!
You hit the endoplasm. You squeeze the endoplasm.
The endoplasm barely misses you.
You hit the endoplasm.
You kill the endoplasm!
Your life force feels restored.
You now have 21 max hp (+1).
You hit the kobold. You drain the kobold.
You kill the kobold!
You start resting. 😎 HP[+9]
Your hp is fully restored (21).
f - 6 stones {throwing} (gained 3)
You see here a +0 dagger {short}.
Key pressed, stopping explore.
f - 20 stones {throwing} (gained 14)
A kobold comes into view. It is wielding a +0 dagger.
Found an inky potion.
Found a faded altar of an unknown god.
The kobold shouts!
A kobold is nearby!
You see here an inky potion.
g - 2 inky potions (gained 1)
A ball python comes into view.
The ball python moves out of view.
You hit the kobold but do no damage. You drain the kobold.
Your grab misses the kobold. Your squeeze misses the kobold.
The kobold closely misses you. The kobold barely misses you.
You hit the kobold.
You kill the kobold!
Your Dodging skill increases to level 4!
The ball python hisses angrily.
You see here a +0 dagger {short}.
You hit the ball python. You drain the ball python. You grab the ball python.
You squeeze the ball python.
You kill the ball python!
No target in view!
No target in view!
No target in view!
No target in view!
No target in view!
A bat comes into view.
There is a faded altar of an unknown god here.
You cannot tell which god this altar belongs to.
Convert to them anyway?
Elyvilon accepts your prayer! Elyvilon welcomes you!
Elyvilon warns you to remove your +2 dagger of draining.
You can now purify yourself.
A bat is nearby!
i - 2 scrolls labelled QULUCU CUICISM (gained 1)
There are no items here.
A bat is nearby!
You see here a +0 dagger {short}.
Really attack while wielding your +2 dagger of draining {short}?
This could place you under penance! [Y]es or [N]o only, please.
Really attack while wielding your +2 dagger of draining {short}?
This could place you under penance! [Y]es or [N]o only, please.
Really attack while wielding your +2 dagger of draining {short}?
This could place you under penance! [Y]es or [N]o only, please.
Really attack while wielding your +2 dagger of draining {short}?
This could place you under penance! [Y]es or [N]o only, please.
Really attack while wielding your +2 dagger of draining {short}?
This could place you under penance! [Y]es or [N]o only, please.
Really attack while wielding your +2 dagger of draining {short}?
This could place you under penance! [Y]es or [N]o only, please.
Really attack while wielding your +2 dagger of draining {short}?
This could place you under penance! [Y]es or [N]o only, please.
Really attack while wielding your +2 dagger of draining {short}?
This could place you under penance!
Okay, then.
The bat misses you.
Are you sure you want to abandon this character and quit the game? (Confirm with "yes".)

Skill      XL: |  1  2 |
---------------+-------+-----
Dodging        | 4 |  4.0
Fighting       | |  3.0
Long Blades    | |  2.0
Shields        | |  3.0

Action                   || total
-------------------------++-------
Melee: Dagger            ||    31
       Long sword        ||     5
       Constrict         ||     8
       Tentacles         ||     7
Armor: Skin              ||     2
Dodge: Dodged            ||    20
Block: Buckler           ||     5

Levels and vault maps discovered:
D:1:      shiori_arrival_elements, layout_basic, shapermc_ecumenical_altar_venn

Notes
Turn   | Place    | Note
-------+----------+-------------------------------------------
     0 | D:1      | spaghetti the Octopode Fighter began the quest for the Orb.
     0 | D:1      | Reached XP level 1. HP: 16/16 MP: 1/1
     0 | D:1      | magus.rc [v1.9.6]
   392 | D:1      | You pick up a book of Air and begin reading...
   392 | D:1      | You add the spells Shock, Swiftness and Airstrike to your
                  | library.
   414 | D:1      | Reached XP level 2. HP: 14/18 MP: 2/2
   728 | D:1      | Found a faded altar of an unknown god.
   734 | D:1      | Reached skill level 4 in Dodging
   738 | D:1      | Prayed at the altar of an unknown god.
   738 | D:1      | Became a worshipper of Elyvilon the Healer
   738 | D:1      | Reached * piety under Elyvilon
   757 | D:1      | Quit the game

Vanquished Creatures
  A dart slug (D:1)
  A ball python (D:1)
  2 endoplasms (D:1)
  8 jackals (D:1)
  3 kobolds (D:1)
  A rat (D:1)
16 creatures vanquished.

Table legend:
 A = Non-vault XP
 B = Vault XP
 C = Vault XP percentage of total XP
 D = Non-vault monster count
 E = Vault monster count
 F = Vault count percentage of total count
                 A         B        C        D         E       F
            +---------+---------+-------+---------+---------+-------
      Total |      32 |       0 |   0.0 |      16 |       0 |   0.0
            +---------+---------+-------+---------+---------+-------
        D:1 |      32 |       0 |   0.0 |      16 |       0 |   0.0
            +---------+---------+-------+---------+---------+-------

Illustrated notes

Table legend:
 A = Kills in this place as a percentage of kills in entire the game.
 B = Kills by you in this place as a percentage of kills by you in the entire game.
 C = Kills by friends in this place as a percentage of kills by friends in the entire game.
 D = Other kills in this place as a percentage of other kills in the entire game.
 E = Experience gained in this place as a percentage of experience gained in the entire game.
 F = Experience gained in this place divided by the number of levels of this place that you have seen.
                   A       B       C       D       E      F
               +-------+-------+-------+-------+-------+----------------------
         Total | 100.0 | 100.0 |   N/A |   N/A | 100.0 |  32.0
       Dungeon | 100.0 | 100.0 |   N/A |   N/A | 100.0 |  32.0
               +-------+-------+-------+-------+-------+----------------------

Table legend: (Time is in decaauts)
 A = Elapsed time spent in this place.
 B = Non-inter-level travel time spent in this place.
 C = Inter-level travel time spent in this place.
 D = Time resting spent in this place.
 E = Time spent auto-exploring this place.
 F = Levels seen in this place.
 G = Mean time per level.
                   A        B        C        D        E       F      G
               +--------+--------+--------+--------+--------+-----+--------+
         Total |    757 |    757 |      0 |    173 |    497 |   1 |  757.0 |
       Dungeon |    757 |    757 |      0 |    173 |    497 |   1 |  757.0 |
               +--------+--------+--------+--------+--------+-----+--------+

Top non-repeatable levels by time:
     D:1: 757 daAuts
